 Dungeon Crawl Stone Soup version 0.20.1-1-g8b1a95d (webtiles) character file.

357 Norian the Magician (level 6, -3/32 HPs)
             Began as a Deep Elf Ice Elementalist on Oct 17, 2017.
             Was a Follower of Sif Muna.
             Slain by a bullfrog skeleton (6 damage)
             ... on level 5 of the Dungeon.
             The game lasted 00:12:13 (3271 turns).

Norian the Magician (Deep Elf Ice Elementalist)     Turns: 3271, Time: 00:12:14

Health: -3/32      AC:  4    Str:  7    XL:     6   Next: 37%
Magic:  1/17       EV: 13    Int: 20    God:    Sif Muna [*.....]
Gold:   120        SH:  0    Dex: 15    Spells: 14/17 levels left

rFire    . . .     SeeInvis .   y - +0 dagger (holy)
rCold    . . .     Gourm    .   (no shield)
rNeg     . . .     Faith    .   x - +1 robe
rPois    .         Spirit   .   (no helmet)
rElec    .         Reflect  .   (no cloak)
rCorr    .         Harm     .   (no gloves)
MR       .....                  m - +0 pair of boots
Stlth    ++........             (no amulet)
Regen    0.1/turn               (no ring)
MPRegen  0.2/turn               (no ring)

@: flying
A: no striking features
a: Divine Energy, Renounce Religion


You were on level 5 of the Dungeon.
You worshipped Sif Muna.
Sif Muna was aware of your devotion.
You were hungry.

You visited 1 branch of the dungeon, and saw 5 of its levels.

You collected 120 gold pieces.

Inventory:

Hand Weapons
 y - a +0 dagger of holy wrath (weapon)
Armour
 m - a +0 pair of boots (worn)
 x - a +1 robe (worn)
Jewellery
 a - an uncursed amulet of rage {unknown}
 e - an uncursed ring of flight {unknown}
 k - a cursed -2 ring of evasion {unknown}
Scrolls
 d - a scroll of magic mapping {unknown}
 g - a scroll of remove curse {unknown}
 h - 2 scrolls of immolation {unknown}
 i - 2 scrolls of identify {unknown}
 l - a scroll of enchant weapon {unknown}
 o - 2 scrolls of noise {unknown}
 p - 2 scrolls of fear {unknown}
 v - a scroll of enchant armour {unknown}
Potions
 f - a potion of flight
 j - a potion of degeneration {unknown}
 n - a potion of resistance {unknown}
 s - a potion of invisibility {unknown}
 u - a potion of might {unknown}
Books
 b - a book of Frost

   Spells                             Type                      Level
   a - Freeze                         Ice                          1
   b - Throw Frost                    Conjuration/Ice              2
   c - Ozocubu's Armour               Charms/Ice                   3
   d - Throw Icicle                   Conjuration/Ice              4
   e - Summon Ice Beast               Ice/Summoning                4
Comestibles
 c - 4 bread rations
 q - 3 chunks of flesh
 r - 2 meat rations
 t - 2 royal jellies


   Skills:
 - Level 2.4 Dodging
 - Level 2.4 Stealth
 + Level 6.1 Spellcasting
 + Level 3.8 Conjurations
 + Level 5.2 Ice Magic


You had 14 spell levels left.
You knew the following spells:

 Your Spells              Type           Power        Failure   Level  Hunger
a - Throw Frost           Conj/Ice       ###...       2%          2    None
b - Freeze                Ice            ####         1%          1    None


Dungeon Overview and Level Annotations

Branches:
Dungeon (5/15)
 Temple: D:4-7

Altars:
Dithmenos
Elyvilon
Fedhas
Makhleb
Nemelex Xobeh
Ru
Sif Muna

Annotations:
D:4 Duvessa, Menkaure


Message History

Confirm with . or Enter, or press ? or * to list all spells.
Aiming: Freeze
Press: ? - help, Shift-Dir - straight line, f/p - bullfrog skeleton
Aim: a bullfrog skeleton (moderately damaged)
You freeze the bullfrog skeleton.
The bullfrog skeleton completely resists.
The bullfrog skeleton is moderately damaged.
The bullfrog skeleton misses you.
Press: ? - help, v - describe, . - travel
Here: a bullfrog skeleton (moderately damaged)
The floor.
Casting: Freeze
Confirm with . or Enter, or press ? or * to list all spells.
Okay, then.
The bullfrog skeleton hits you.
* * * LOW HITPOINT WARNING * * *
It was a potion of flight.
You feel very buoyant.
You fly up into the air.
The bullfrog skeleton hits you.
You die...

######
#....#
#.##.#
#.##<#
#Z##.#
#@##.#
#.##.#
#.##.#
..##.#
####..
...


You could see a bullfrog skeleton.

Vanquished Creatures
  Blork the orc (D:4)
  Dowan (D:4)
  A crimson imp (D:2)
  A hound (D:4)
  2 orc wizards (D:4)
  An iguana (D:4)
  An adder (D:2)
  An adder skeleton (D:4)
  2 worms
  2 dart slugs
  5 leopard geckos
  9 orcs
  2 ball pythons
  4 bats
  2 giant cockroaches
  5 goblins
  4 hobgoblins (D:1)
  6 jackals
  2 quokkas
  2 frilled lizards
  2 kobolds
  2 rats (D:1)
58 creatures vanquished.

Notes
Turn   | Place    | Note
-------+----------+-------------------------------------------
     0 | D:1      | Norian the Deep Elf Ice Elementalist began the quest for the Orb.
     0 | D:1      | Reached XP level 1. HP: 10/10 MP: 6/6
   239 | D:1      | Reached XP level 2. HP: 15/15 MP: 5/8
   249 | D:1      | Learned a level 2 spell: Throw Frost
   542 | D:1      | Reached skill level 4 in Spellcasting
   793 | D:2      | Found a sparkling altar of Nemelex Xobeh.
   898 | D:2      | Reached XP level 3. HP: 19/19 MP: 0/10
  1669 | D:2      | Found a deep blue altar of Sif Muna.
  1674 | D:2      | Became a worshipper of Sif Muna the Loreminder
  1795 | D:2      | Found a burning altar of Makhleb.
  1801 | D:2      | Reached XP level 4. HP: 18/24 MP: 4/12
  1909 | D:3      | Found a shadowy altar of Dithmenos.
  1923 | D:3      | Found a blossoming altar of Fedhas.
  1979 | D:3      | Found a sacrificial altar of Ru.
  2197 | D:3      | Found a white marble altar of Elyvilon.
  2446 | D:4      | Noticed Duvessa
  2448 | D:4      | Noticed Dowan
  2510 | D:4      | Reached skill level 5 in Spellcasting
  2651 | D:4      | Killed Dowan
  2651 | D:4      | Reached XP level 5. HP: 24/28 MP: 2/14
  2758 | D:4      | Reached * piety under Sif Muna
  2827 | D:4      | Reached skill level 5 in Ice Magic
  3009 | D:4      | Reached XP level 6. HP: 32/32 MP: 7/16
  3074 | D:4      | Noticed Blork the orc
  3105 | D:4      | Killed Blork the orc
  3105 | D:4      | Reached skill level 6 in Spellcasting
  3244 | D:4      | Noticed Menkaure
  3250 | D:5      | Entered Level 5 of the Dungeon
  3271 | D:5      | Slain by a bullfrog skeleton

Skill      XL: |  1  2  3  4  5  6 |
---------------+-------------------+-----
Spellcasting   | 4 5 6 |  6.1
Conjurations   | 2 3 |  3.8
Ice Magic      | 4 5 |  5.2
Dodging        | |  2.4
Stealth        | |  2.4

Action                   |  1- 3 |  4- 6 || total
-------------------------+-------+-------++-------
Melee: Unarmed           |    15 |       ||    15
       Dagger            |       |    26 ||    26
 Cast: Freeze            |    29 |    34 ||    63
       Throw Frost       |    25 |    46 ||    71
  Use: Potion            |       |     1 ||     1
  Eat: Chunk             |     2 |     5 ||     7
Armor: Robe              |    10 |     9 ||    19
Dodge: Dodged            |    32 |    34 ||    66
